 Dungeon Crawl Stone Soup version 0.27-a0-773-gaaee5cf45b (webtiles) character file.

Game seed: 8634097156491007535

17091 rageheart7 the Protected (level 12, -1/77 HPs)
             Began as a Tengu Chaos Knight on Mar 26, 2021.
             Was a Plaything of Xom.
             Slain by a minotaur
             ... wielding the +8 long sword of Offence {vorpal, Str+4}
              (9 damage)
             ... in a Gauntlet.
             The game lasted 00:28:21 (15553 turns).

rageheart7 the Protected (Tengu Chaos Knight)      Turns: 15553, Time: 00:28:22

Health: -1/77      AC: 23    Str: 17      XL:     12   Next: 44%
Magic:  13/13      EV: 27    Int: 13      God:    Xom [*.....]
Gold:   1238       SH:  0    Dex: 16 (17) Spells: 6/11 levels left

rFire    . . .     SeeInvis .   e - +5 dagger (drain)
rCold    . . .     Faith    .   (no shield)
rNeg     + . .     Spirit   .   q - +6 scale mail of Zunn {Rampage}
rPois    +         Reflect  .   (helmet restricted)
rElec    .         Harm     .   a - +2 ratskin cloak {*Rats rPois rN+ Str-1 Int-1 Dex+1}
rCorr    .         Rampage  +   l - +1 pair of gloves
Will     +....     NoTele   +   (boots unavailable)
Stlth    ++........             y - amulet of the acrobat
HPRegen  0.22/turn              i - +4 ring of evasion
MPRegen  0.13/turn              F - +4 ring of evasion

@: flying quickly and evasively, studying Armour, quick
A: beak, talons 3, able to fly, claws 2, iridescent scales 1, thin skeletal
structure 1, blink, clever 1, strong-willed 1, wild magic 2, sturdy frame 1
a: Stop Flying, Blink, Renounce Religion


You were in a Gauntlet.
You worshipped Xom.
You were a special plaything of Xom.
You visited 1 branch of the dungeon, and saw 13 of its levels.
You also visited: Sewer, Ossuary and Gauntlet.

You collected 1627 gold pieces.
You spent 389 gold pieces at shops.

Inventory:

Hand Weapons
 e - a +5 dagger of draining (weapon)
Armour
 a - the +2 ratskin cloak (worn) {*Rats rPois rN+ Str-1 Int-1 Dex+1}
   (You bought it in a shop on level 11 of the Dungeon)

   It affects your strength (-1).
   It affects your intelligence (-1).
   It affects your dexterity (+1).
   It protects you from poison.
   It protects you from negative energy.
 k - a +0 plate armour
 l - a +1 pair of gloves (worn)
 q - the +6 scale mail of Zunn (worn) {Rampage}
   (Xom gifted it to you on level 9 of the Dungeon)

   It bestows one free step when moving towards enemies.
 w - the +1 leather armour of Space {rC- rCorr Int+8}
   (You found it on level 7 of the Dungeon)

   It affects your intelligence (+8).
   It makes you vulnerable to cold.
   It provides partial protection from all sources of acid and corrosion.
Jewellery
 c - a ring of resist corrosion
 i - a +4 ring of evasion (right hand)
 m - a ring of protection from fire
 u - a ring of protection from cold
 v - a ring of positive energy
 y - an amulet of the acrobat (around neck)
 F - a +4 ring of evasion (left hand)
Wands
 b - a wand of polymorph (20)
 g - a wand of mindburst (14)
 p - a wand of flame (19)
 z - a wand of charming (13)
 C - a wand of acid (20)
 K - a wand of digging (5)
Scrolls
 d - a scroll of holy word
 f - 2 scrolls of fog
 h - a scroll of immolation
 o - 3 scrolls of enchant armour
 t - a scroll of magic mapping
 x - a scroll of amnesia
 A - 4 scrolls of teleportation
 B - 3 scrolls of identify
 E - 2 scrolls of summoning
 J - 2 scrolls of vulnerability
Potions
 n - 4 potions of magic
 r - 5 potions of brilliance
 s - a potion of resistance
Miscellaneous
 D - a phantom mirror


   Skills:
 - Level 10.0 Fighting
 - Level 12.1 Long Blades
 * Level 13.3 Armour
 * Level 10.8 Dodging


You had 6 spell levels left.
You knew the following spells:

 Your Spells              Type           Power      Damage    Failure   Level
a - Fireball              Conj/Fire      0%         3d3       100%        5

Your spell library contained the following spells:

 Spells                   Type           Power      Damage    Failure   Level
 Beastly Appendage        Tmut           0%         N/A       67%         1
 Foxfire                  Conj/Fire      0%         2x1d4     67%         1
 Passwall                 Tmut/Erth      0%         N/A       78%         2
 Swiftness                Air            0%         N/A       78%         2
 Wereblood                Tmut           0%         N/A       78%         2
 Conjure Flame            Conj/Fire      0%         6-21      94%         3
 Inner Flame              Hex/Fire       0%         N/A       94%         3
 Spider Form              Tmut/Pois      0%         N/A       94%         3
 Ice Form                 Ice/Tmut       0%         N/A       100%        4
 Passage of Golubria      Tloc           N/A        N/A       100%        4
 Sticky Flame             Conj/Fire      0%         2d3       100%        4
 Blade Hands              Tmut           0%         N/A       100%        5
 Lee's Rapid Deconstruct  Erth           0%         3d5*      100%        5
 Invisibility             Hex            0%         N/A       100%        6


Dungeon Overview and Level Annotations

Branches:
Dungeon (13/15)            Temple (0/1) D:7            Lair (0/6) D:10
    Orc (0/2) D:11          Sewer (visited)         Ossuary (visited)
Gauntlet (1/1)
 Vaults: D:13-14

Altars:
Elyvilon
Gozag
Kikubaaqudgha
Nemelex Xobeh
Qazlal
Ru
Trog
Wu Jian
Xom
Yredelemnul

Shops:
D:11 [

Portals:
Abyss: D:12

Annotations:
D:2 2 transporters
D:12 2 transporters, Maimakterion's ghost, journeyman DrMo Gauntlet 7 transporters


Innate Abilities, Weirdness & Mutations

You have a beak for a mouth.
You have claws for feet.
You can fly continuously.
You have very sharp fingernails.
You are partially covered in iridescent scales. (AC +2)
You have a somewhat thin skeletal structure. (Dex +2, Stealth)
You can translocate small distances at will.
Your mind is acute. (Int +2)
You are strong-willed. (Will+)
Your spells are harder to cast, but more powerful.
Your movements are slightly less encumbered by armour. (ER -2)


Message History

The minotaur gores you but does no damage.
Unknown command.
You feel better.
The minotaur hits you with the +8 long sword of Offence {vorpal, Str+4}!
* * * LOW HITPOINT WARNING * * *
x2 The minotaur gores you.
* * * LOW HITPOINT WARNING * * *
The minotaur blocks your attack.
The minotaur is lightly wounded.
The minotaur barely misses you. The minotaur misses you.
The minotaur blocks your attack.
You claw the minotaur, but do no damage.
You peck the minotaur, but do no damage.
The minotaur completely misses you. The minotaur barely misses you.
You hit the minotaur but do no damage. You drain the minotaur.
You claw the minotaur. The minotaur blocks your attack.
The minotaur is lightly wounded.
The minotaur blocks your attack.
Your kick misses the minotaur.
The minotaur is lightly wounded.
The minotaur hits you with the +8 long sword of Offence {vorpal, Str+4}.
* * * LOW HITPOINT WARNING * * *
x2 The minotaur misses you.
The minotaur blocks your attack. x2
You peck the minotaur, but do no damage.
The minotaur is lightly wounded.
The minotaur completely misses you. The minotaur misses you.
You hit the minotaur but do no damage.
The minotaur is lightly wounded.
You hit the minotaur but do no damage. You drain the minotaur.
You claw the minotaur.
You peck the minotaur, but do no damage.
The minotaur is lightly wounded.
The minotaur completely misses you. x2
You hit the minotaur but do no damage. The minotaur blocks your attack.
The minotaur is lightly wounded.
The minotaur blocks your attack.
You claw the minotaur.
The minotaur is lightly wounded.
The minotaur hits you with the +8 long sword of Offence {vorpal, Str+4}!
You die...
Xom is highly amused!

#8∩8# #[./# #8.8#
####:.[####
###8.#8.8#.8###
#....#...#....#
#.#..#8H8#..#.#
#.#..##@##..#.#
#.............#
#.#.##.#.##.#.#
#.#....#....#.#
#.#.#######.#.###
................#
♣.♣.©.©.©.©.♣.♣.#
.................#
# ### ###
#################
### #


You could see a minotaur (drained).

Vanquished Creatures
  Fannar (D:10)
  2 hydras
  A centaur warrior (D:12)
  2 two-headed ogres
  2 deep elf pyromancers (D:12)
  A manticore (D:12)
  Maurice (D:11)
  Joseph (D:7)
  Maggie (D:8)
  A tyrant leech (Gauntlet)
  2 trolls
  Prince Ribbit (D:6)
  A raiju (Gauntlet)
  11 slime creatures
  A spriggan (shapeshifter) (D:10)
  2 wyverns (D:8)
  2 wraiths
  2 steam dragons (Gauntlet)
  A warg (D:11)
  2 swamp worms (Gauntlet)
  2 acid dragons
  2 water moccasins
  A floating eye (D:4)
  A sky beast (D:8)
  An ice beast (D:8)
  2 orc warriors
  A boggart (Gauntlet)
  A centaur (D:10)
  4 wolves (D:10)
  A phantom (D:7)
  2 kobold brigands
  A bullfrog (D:8)
  6 water moccasin zombies (Ossuary)
  A water moccasin skeleton (D:5)
  A wyvern skeleton (D:6)
  A scorpion (D:6)
  7 killer bees
  An electric eel (D:10)
  3 howler monkeys
  A bullfrog zombie (D:6)
  2 centaur zombies
  2 gnoll shamans
  5 orc priests
  7 hounds
  2 jellies (D:11)
  A bullfrog skeleton (D:5)
  A centaur skeleton (D:6)
  3 iguanas
  9 orc wizards
  A killer bee zombie (D:7)
  A hound skeleton (D:4)
  2 mummies (Ossuary)
  6 gnolls
  2 river rats
  12 adders
  A shadow imp (D:4)
  2 adder zombies (Ossuary)
  A worm (D:3)
  2 dart slugs (D:4)
  24 orcs
  7 ball pythons
  6 bats
  8 endoplasms
  3 giant cockroaches
  3 gnoll zombies (Ossuary)
  3 goblins
  7 hobgoblins
  2 jackals (D:3)
  18 kobolds
  2 quokkas
  12 frilled lizards
  A goblin zombie (D:8)
  3 hobgoblin zombies (Ossuary)
  5 kobold zombies (Ossuary)
  10 orc zombies (Ossuary)
  A quokka zombie (D:8)
  22 rats
  A spectral orc (D:5)
278 creatures vanquished.

Vanquished Creatures (collateral kills)
  A worldbinder (Gauntlet)
  Psyche (D:10)
  An efreet (D:10)
  An ogre (D:5)
  2 killer bees (D:9)
  An orc wizard (D:9)
  2 orcs (D:9)
9 creatures vanquished.

Vanquished Creatures (others)
  5 dream sheep (D:9)
  3 yaks (D:10)
  A vampire mosquito (D:10)
  A swamp worm (Gauntlet)
  A boggart (Gauntlet)
  4 demonic plants (Gauntlet)
  2 plants (Gauntlet)
17 creatures vanquished.

Grand Total: 304 creatures vanquished

Notes
Turn   | Place    | Note
-------+----------+-------------------------------------------
     0 | D:1      | rageheart7 the Tengu Chaos Knight began the quest for the
                  | Orb.
     0 | D:1      | Reached XP level 1. HP: 14/14 MP: 2/2
   211 | D:1      | Reached XP level 2. HP: 14/19 MP: 3/3
   319 | D:1      | XOM: cast spell 'Summon Ice Beast'
   674 | D:1      | XOM: divination: magic mapping
   832 | D:2      | XOM: smoke on damage
   836 | D:2      | Reached XP level 3. HP: 16/23 MP: 4/4
   958 | D:2      | XOM: silly message
  1015 | D:2      | Found a sparkling altar of Nemelex Xobeh.
  1015 | D:2      | Found a transporter.
  1018 | D:2      | Noticed a water moccasin
  1023 | D:2      | Found a transporter.
  1350 | D:2      | Reached XP level 4. HP: 29/29 MP: 5/5
  1411 | D:2      | XOM: silly message
  1575 | D:2      | XOM: god gift: runed wooden wand {god gift}
  1842 | D:3      | XOM: 7-stop teleportation journey
  1939 | D:3      | Gained mutation: You can fly continuously. [Tengu growth]
  1939 | D:3      | Reached XP level 5. HP: 34/34 MP: 6/6
  1949 | D:3      | Reached skill level 5 in Long Blades
  2287 | D:3      | Found a stormy altar of Qazlal.
  2634 | D:4      | Noticed a jumping spider
  2634 | D:4      | a scorpion changed into a jumping spider
  2634 | D:4      | XOM: polymorph scorpion -> jumping spider
  2644 | D:4      | XOM: divination: magic mapping
  2676 | D:4      | Reached skill level 5 in Fighting
  2676 | D:4      | Reached XP level 6. HP: 40/40 MP: 7/7
  2744 | D:4      | XOM: smoke on damage
  2830 | D:4      | XOM: swap monsters
  2873 | D:4      | XOM: enchant monster (good)
  2897 | D:4      | Noticed a floating eye
  2897 | D:4      | a jumping spider changed into a floating eye
  2897 | D:4      | XOM: polymorph jumping spider -> floating eye
  2900 | D:4      | Killed a floating eye
  2970 | D:4      | Found a glowing drain.
  2973 | D:4      | Reached XP level 7. HP: 34/45 MP: 8/8
  2977 | Sewer    | Entered a sewer
  3655 | D:4      | XOM: god gift: potion of berserk rage
  3674 | D:4      | XOM: cloud trail
  3690 | D:5      | Entered Level 5 of the Dungeon
  3949 | D:5      | XOM: scenery: create altars
  3994 | D:5      | XOM: god gift: staff of earth
  4160 | D:5      | Found an ornate altar of the Wu Jian Council.
  4160 | D:5      | Found a faded altar of an unknown god.
  4168 | D:5      | Found a faded altar of an unknown god.
  4170 | D:5      | Found a sacrificial altar of Ru.
  4172 | D:5      | Found a white marble altar of Elyvilon.
  4226 | D:5      | Found a basalt altar of Yredelemnul.
  4381 | D:5      | Found a shimmering altar of Xom.
  4499 | D:5      | Found an ornate altar of the Wu Jian Council.
  4629 | D:6      | XOM: divination: magic mapping
  4668 | D:6      | XOM: confuse monster(s)
  4683 | D:6      | XOM: cast spell 'Shadow Creatures'
  4728 | D:6      | XOM: blink monster(s)
  4739 | D:6      | Reached XP level 8. HP: 46/52 MP: 9/9
  4891 | D:6      | XOM: potion effect (haste)
  5096 | D:6      | Noticed Prince Ribbit
  5116 | D:6      | Killed Prince Ribbit
  5612 | D:7      | XOM: noise
  5885 | D:7      | XOM: give mutations
  5885 | D:7      | Gained mutation: Your movements are slightly less
                  | encumbered by armour. (ER -2) [Xom's grace]
  5885 | D:7      | Gained mutation: You have sharp fingernails. [Xom's grace]
  5885 | D:7      | Gained mutation: You are robust. (+10% HP) [Xom's grace]
  5959 | D:7      | Noticed Joseph
  5975 | D:7      | Killed Joseph
  5976 | D:7      | Reached XP level 9. HP: 40/66 MP: 10/10
  6136 | D:7      | Identified the +1 leather armour of Space {rC- rCorr Int+8}
  6288 | D:7      | Found a staircase to the Ecumenical Temple.
  6936 | D:8      | XOM: scenery: create altars
  6970 | D:8      | XOM: cast spell 'Chain of Chaos'
  6977 | D:8      | Reached skill level 10 in Long Blades
  7027 | D:8      | Found a sand-covered staircase.
  7035 | Ossuary  | Entered an ossuary
  7069 | Ossuary  | XOM: cloud trail
  7149 | Ossuary  | XOM: 1-stop teleportation journey
  7255 | Ossuary  | XOM: divination: detect creatures
  7258 | Ossuary  | XOM: divination: detect items
  7366 | Ossuary  | XOM: god gift: wand of polymorph (7)
  7367 | Ossuary  | XOM: divination: detect creatures
  7369 | Ossuary  | XOM: swap monsters
  7492 | Ossuary  | Identified the +2 ring mail of Ritywupe {Str-2 Int+5 SInv}
  7553 | D:8      | Noticed Maggie
  7563 | D:8      | Killed Maggie
  7724 | D:8      | XOM: noise
  7922 | D:8      | XOM: smoke on damage
  7925 | D:8      | XOM: noise
  7935 | D:8      | Reached skill level 10 in Fighting
  8229 | D:8      | Noticed a two-headed ogre
  8241 | D:8      | Killed a two-headed ogre
  8242 | D:8      | Reached skill level 3 in Armour
  8242 | D:8      | Reached XP level 10. HP: 58/74 MP: 11/11
  8267 | D:8      | XOM: summons 3 hostile shadow creatures
  8521 | D:8      | Found an ancient bone altar of Kikubaaqudgha.
  8636 | D:9      | XOM: polymorph orc warrior -> sky beast
  8649 | D:8      | XOM: confuse monster(s)
  8677 | D:8      | XOM: noise
  8731 | D:8      | Reached skill level 4 in Armour
  8783 | D:8      | XOM: enchant monster (good)
  8801 | D:8      | XOM: noise
  9054 | D:9      | XOM: summons 10 friendly demons
  9433 | D:9      | XOM: 1-stop teleportation journey
  9509 | D:9      | XOM: divination: detect items
  9576 | D:9      | Found an opulent altar of Gozag.
  9612 | D:9      | Found a shimmering altar of Xom.
  9686 | D:9      | Noticed a two-headed ogre
  9688 | D:9      | XOM: confusion
  9691 | D:9      | XOM: enchant monster (bad)
  9693 | D:9      | Identified the +6 scale mail of Zunn {Rampage} (Xom gifted
                  | it to you on level 9 of the Dungeon)
  9693 | D:9      | XOM: god gift: +6 scale mail of Zunn {Rampage}
  9693 | D:9      | HP: 2/74 [two-headed ogre/+0 giant club (25)]
  9694 | D:9      | XOM: enchant monster (bad)
  9697 | D:9      | XOM: divination: detect items
  9719 | D:8      | XOM: give mutations
  9719 | D:8      | Lost mutation: You are robust. (+10% HP) [Xom's mischief]
  9719 | D:8      | Gained mutation: You occasionally shout uncontrollably at
                  | your foes. [Xom's mischief]
  9719 | D:8      | Gained mutation: Your mind is acute. (Int +2) [Xom's
                  | mischief]
  9719 | D:8      | Gained mutation: You are frail. (-10% HP) [Xom's mischief]
  9768 | D:8      | XOM: stat loss: -1 Dex (12/13)
  9987 | D:9      | XOM: 1-stop teleportation journey
 10088 | D:9      | Killed a two-headed ogre
 10089 | D:9      | Reached skill level 5 in Armour
 10488 | D:9      | Lost mutation: You occasionally shout uncontrollably at
                  | your foes. [potion of mutation]
 10488 | D:9      | Lost mutation: You are frail. (-10% HP) [potion of
                  | mutation]
 10488 | D:9      | Gained mutation: You have a somewhat thin skeletal
                  | structure. (Dex +2, Stealth) [potion of mutation]
 10488 | D:9      | Gained mutation: You are strong-willed. (Will+) [potion of
                  | mutation]
 10534 | D:10     | Entered Level 10 of the Dungeon
 10546 | D:10     | Reached skill level 5 in Dodging
 10552 | D:10     | Noticed Sonja
 10553 | D:10     | Sonja changed into Sonja the shapeshifter
 10553 | D:10     | XOM: polymorph Sonja -> Sonja the shapeshifter
 10700 | D:10     | XOM: 1-stop teleportation journey
 10701 | D:10     | Noticed Psyche
 10702 | D:10     | XOM: butterfly on damage
 10711 | D:10     | Killed Psyche
 10804 | D:10     | XOM: god gift: 16 gold pieces
 10814 | D:10     | Found a staircase to the Lair.
 10833 | D:10     | Reached skill level 6 in Armour
 10848 | D:10     | Reached XP level 11. HP: 50/72 MP: 12/12
 11180 | D:10     | Noticed Fannar
 11181 | D:10     | Identified the +1 ring mail of Prudence {SInv}
 11206 | D:10     | XOM: cast spell 'Disjunction'
 11212 | D:10     | XOM: enchant monster (good)
 11213 | D:10     | XOM: confuse monster(s)
 11221 | D:10     | Killed Fannar
 11222 | D:10     | Reached skill level 7 in Armour
 11560 | D:10     | Found a bloodstained altar of Trog.
 11701 | D:10     | XOM: enchant monster (good)
 11763 | D:10     | XOM: cloud trail
 11844 | D:10     | XOM: give mutation
 11844 | D:10     | Gained mutation: You can translocate small distances at
                  | will. [Xom's grace]
 11896 | D:10     | XOM: divine lightning
 12025 | D:11     | Identified a scroll of acquirement
 12025 | D:11     | Acquired a manual of Armour
 12025 | D:11     | XOM: 1-stop teleportation journey
 12150 | D:11     | XOM: cleaving
 12177 | D:11     | XOM: give mutations
 12177 | D:11     | Gained mutation: Scrolls take you a little longer to read.
                  | [Xom's mischief]
 12177 | D:11     | Lost mutation: Scrolls take you a little longer to read.
                  | [Xom's mischief]
 12177 | D:11     | Gained mutation: You are partially covered in iridescent
                  | scales. (AC +2) [Xom's mischief]
 12179 | D:11     | Reached skill level 8 in Armour
 12319 | D:11     | Noticed Maurice
 12366 | D:11     | Killed Maurice
 12366 | D:11     | XOM: god gift: 823 gold pieces
 12472 | D:11     | Found a staircase to the Orcish Mines.
 12472 | D:11     | XOM: 4-stop teleportation journey
 12480 | D:11     | Noticed a seven-headed hydra
 12493 | D:11     | XOM: give mutations
 12493 | D:11     | Gained mutation: Your spells are a little harder to cast,
                  | but a little more powerful. [Xom's grace]
 12493 | D:11     | Gained mutation: Your spells are harder to cast, but more
                  | powerful. [Xom's grace]
 12494 | D:11     | Killed a seven-headed hydra
 12495 | D:11     | Reached skill level 9 in Armour
 12632 | D:11     | Identified the +3 steam dragon scales of Card Tricks
                  | {Will+}
 12674 | D:11     | XOM: polymorph jelly -> river rat
 12747 | D:11     | Found Wettu's Armour Boutique.
 12754 | D:11     | Bought the +2 ratskin cloak {*Rats rPois rN+ Str-1 Int-1
                  | Dex+1} for 389 gold pieces
 12754 | D:11     | Found the +2 ratskin cloak {*Rats rPois rN+ Str-1 Int-1
                  | Dex+1}
 13112 | D:11     | XOM: summons 5 hostile demons
 13146 | D:11     | XOM: cleaving
 13261 | D:12     | Noticed a manticore
 13266 | D:12     | Killed a manticore
 13267 | D:12     | Reached skill level 10 in Armour
 13387 | D:12     | Noticed a centaur warrior
 13388 | D:12     | Noticed a deep elf pyromancer
 13399 | D:12     | Killed a centaur warrior
 13416 | D:12     | Killed a deep elf pyromancer
 13424 | D:12     | XOM: scenery: summon butterflies
 13563 | D:12     | Found a transporter.
 13573 | D:12     | Noticed a boulder beetle
 13580 | D:12     | XOM: potion effect (brilliance)
 13610 | D:12     | XOM: enchant monster (bad)
 13617 | D:12     | Banished a boulder beetle
 13618 | D:12     | Reached skill level 11 in Armour
 13618 | D:12     | Reached XP level 12. HP: 57/77 MP: 13/13
 13765 | D:12     | XOM: summons friendly shadow imp
 13879 | D:12     | XOM: 9-stop teleportation journey
 13933 | D:12     | XOM: enchant monster (bad)
 13934 | D:12     | Reached skill level 12 in Armour
 13934 | D:12     | Reached skill level 10 in Dodging
 14355 | D:12     | XOM: noise
 14406 | D:12     | Found a transporter.
 14409 | D:12     | Found a one-way gate to the infinite horrors of the Abyss.
 14409 | D:12     | Noticed Maimakterion's ghost (journeyman DrMo)
 14623 | D:12     | XOM: summons 7 hostile demons
 14713 | D:12     | Noticed a six-headed hydra
 14717 | D:12     | XOM: confusion
 14720 | D:12     | XOM: potion effect (berserk rage)
 14730 | D:12     | Killed a six-headed hydra
 14888 | D:13     | XOM: potion effect (invisibility)
 14891 | D:13     | Found a gate leading to a gauntlet.
 14900 | Gauntlet | Entered a Gauntlet
 14900 | Gauntlet | Found a transporter.
 14903 | Gauntlet | Found a transporter.
 14905 | Gauntlet | Found a transporter.
 14917 | Gauntlet | Found a transporter.
 14919 | Gauntlet | Found a transporter.
 14919 | Gauntlet | XOM: silly message
 14931 | Gauntlet | Found a transporter.
 14946 | Gauntlet | Found a transporter.
 14956 | Gauntlet | Found a transporter.
 14956 | Gauntlet | Noticed a ghost crab
 14966 | Gauntlet | Found a transporter.
 14968 | Gauntlet | Noticed a quicksilver ooze
 14980 | Gauntlet | Found a transporter.
 14990 | Gauntlet | Found a transporter.
 14993 | Gauntlet | Found a transporter.
 15042 | Gauntlet | Reached skill level 13 in Armour
 15144 | Gauntlet | Learned a level 5 spell: Fireball
 15144 | Gauntlet | Found a transporter.
 15147 | Gauntlet | XOM: noise
 15158 | Gauntlet | XOM: enchant monster (good)
 15165 | Gauntlet | XOM: polymorph orc priest -> river rat
 15165 | Gauntlet | Paralysed by a floating eye for 4 turns
 15170 | Gauntlet | Noticed a tengu warrior
 15171 | Gauntlet | XOM: divination: detect creatures
 15176 | Gauntlet | Paralysed by a floating eye for 2 turns
 15178 | Gauntlet | XOM: divine lightning
 15226 | Gauntlet | XOM: give mutation
 15226 | Gauntlet | Gained mutation: You have very sharp fingernails. [Xom's
                  | mischief]
 15456 | Gauntlet | XOM: stat loss: -1 Dex (16/17)
 15464 | Gauntlet | XOM: divine lightning
 15532 | Gauntlet | Identified the +8 long sword of Offence {vorpal, Str+4}
 15532 | Gauntlet | Identified the +0 kite shield of the Demon Prince {+Blink
                  | rF+}
 15532 | Gauntlet | Noticed a minotaur
 15532 | Gauntlet | XOM: noise
 15553 | Gauntlet | Slain by a minotaur

Illustrated notes

Levels and vault maps discovered:
D:1:      minmay_arrival_jagged, layout_loops_cross,
          minmay_misc_feat_four_crosses, roderic_lattice_a
D:2:      layout_basic, gammafunk_temple_overflow_arena, minmay_pentomino_u2
D:3:      layout_basic, nicolae_qazlal_general_emergency, moated_statue
D:4:      layout_rooms, gup_sewer_entry_bubbles
D:5:      layout_loops_corners, nicolae_overflow_crystal_walls,
          yredelemnul_forgotten_temple_becter,
          chequers_temple_overflow_minitemple, basic_altar
D:6:      layout_cave_pools, uniq_prince_ribbit1
D:7:      layout_loops_corners, minmay_temple_entry_sparse_star, uniq_joseph
D:8:      layout_rooms, kennysheep_mini, enter_ossuary_4,
          chequers_serial_rivers_large_a, uniq_maggie
D:9:      layout_cave_pools, grunt_gozag_statues,
          chequers_serial_rivers_micro_b, minivault_25, grunt_ministairs_6,
          kb_xom_exploding_sheep
D:10:     layout_stronghold, erik_lair_island, serial_co_window_serial,
          co_window_paths_a, co_window_of_opportunity_a,
          co_window_of_opportunity_a, co_window_of_opportunity_a,
          co_window_cross_1, co_window_broadway_a, co_window_unsneaky_path_e,
          co_window_corner_cb, co_window_broadway_b, co_window_paths_e,
          co_window_4corner_a, glass_columns_a, glass_columns_a,
          glass_columns_c, glass_columns_a, minivault_20, trog_book,
          uniq_fannar, uniq_psyche, uniq_sonja
D:11:     layout_roguey, david_orc_1_choice, serial_shops,
          nicolae_shop_competitors_out_of_business,
          hangedman_little_slice_of_home, uniq_maurice
D:12:     layout_irregular_city, gammafunk_ghost_abyssal_escape
D:13:     layout_big_octagon, erik_vaults_2, gauntlet_entry_generic
Gauntlet: minmay_gauntlet_77_tree [minmay_gauntlet_arena_77_squiggly,
          minmay_gauntlet_arena_77_museum, minmay_gauntlet_arena_77_block_sizes,
          minmay_gauntlet_arena_77_checkered, minmay_gauntlet_arena_77_mirror,
          minmay_gauntlet_arena_77_two_lines,
          minmay_gauntlet_arena_77_broken_ladder,
          nicolae_gauntlet_exit_dead_adventurers]

Skill      XL: |  1  2  3  4  5  6  7  8  9 10 11 12 |
---------------+-------------------------------------+-----
Long Blades    | 4 5 6 7 9 11 12 | 12.1
Fighting       | 4 5 6 8 10 | 10.0
Armour         | 3 6 11 13 | 13.3
Dodging        | 2 5 9 10 | 10.8

Action                   |  1- 3 |  4- 6 |  7- 9 | 10-12 || total
-------------------------+-------+-------+-------+-------++-------
Melee: Falchion          |    28 |       |       |       ||    28
       Kick              |    16 |    33 |   134 |   255 ||   438
       Dagger            |    37 |   173 |   587 |   654 ||  1451
       Peck              |     3 |    21 |   100 |   155 ||   279
       Short sword       |       |       |       |    61 ||    61
 Abil: Fly               |       |       |       |     1 ||     1
  Use: Scroll            |     1 |       |     8 |    17 ||    26
       Potion            |       |     6 |    12 |    15 ||    33
 Stab: Sleeping          |     1 |       |     3 |     1 ||     5
       Invisible         |       |       |     3 |       ||     3
       Confused          |       |       |       |     4 ||     4
       Petrified         |       |       |       |     1 ||     1
       Distracted        |       |       |       |     1 ||     1
Armor: Leather armour    |    22 |       |    43 |       ||    65
       Plate armour      |     3 |    40 |    23 |       ||    66
       Skin              |       |    12 |    27 |       ||    39
       Ring mail         |       |       |     3 |    32 ||    35
       Scale mail        |       |       |       |   155 ||   155
Dodge: Dodged            |    33 |    49 |   241 |   699 ||  1022
       Rpst.: Falchion   |     4 |       |       |       ||     4

Table legend: (Time is in decaauts)
 A = Elapsed time spent in this place.
 B = Non-inter-level travel time spent in this place.
 C = Inter-level travel time spent in this place.
 D = Time resting spent in this place.
 E = Time spent auto-exploring this place.
 F = Levels seen in this place.
 G = Mean time per level.
                   A        B        C        D        E       F      G
               +--------+--------+--------+--------+--------+-----+--------+
         Total |  14647 |  14192 |    455 |   1191 |  10665 |  16 |  915.4 |
       Dungeon |  13222 |  12767 |    455 |    804 |  10081 |  13 | 1017.1 |
         Sewer |    415 |    415 |      0 |      0 |    305 |   1 |  415.0 |
       Ossuary |    409 |    409 |      0 |    114 |    187 |   1 |  409.0 |
      Gauntlet |    599 |    599 |      0 |    273 |     90 |   1 |  599.0 |
               +--------+--------+--------+--------+--------+-----+--------+

Top non-repeatable levels by time:
     D:8: 1776 daAuts
    D:12: 1541 daAuts
    D:10: 1413 daAuts
     D:7: 1307 daAuts
     D:9: 1148 daAuts
    D:11: 1028 daAuts
     D:2: 975 daAuts
     D:5: 906 daAuts
     D:6: 847 daAuts
     D:3: 803 daAuts
     D:1: 769 daAuts
     D:4: 690 daAuts
Gauntlet: 599 daAuts
   Sewer: 415 daAuts
 Ossuary: 409 daAuts
